| TOP OF THE 1ST |
|
Stanford University Cardinal batting - Pitching for University of North Carolina at Chapel Hill Tar Heels : LHP Gary Tuckfard
|
|
Pitching: LHP Gary Tuckfard
|
|
|
Batting: RHB John Van der Linden
|
0-0: Ball 1-0: Foul Ball, location: 2F 1-1: Foul Ball, location: 2F 1-2: Ground out 6-3 (Groundball, 6, EV 90.0 MPH)
|
|
Batting: RHB Joe Gabriel
|
0-0: Foul Ball, location: 2F 0-1: Foul Ball, location: 2F 0-2: Ball 1-2: Ball 2-2: Foul Ball, location: 2F 2-2: Ground out 6-3 (Groundball, 6, EV 88.1 MPH)
|
|
Batting: RHB Joe Petley
|
0-0: Ball 1-0: Called Strike 1-1: Ground out 1-3 (Groundball, 13S, EV 70.0 MPH)
|
| Top of the 1st over - 0 runs, 0 hits, 0 errors, 0 left on base; Stanford University 0 - University of North Carolina at Chapel Hill 0 |
| BOTTOM OF THE 1ST |
|
University of North Carolina at Chapel Hill Tar Heels batting - Pitching for Stanford University Cardinal : RHP Ray Fogle
|
|
Pitching: RHP Ray Fogle
|
|
|
Batting: SHB Ryan Marsh
|
0-0: Called Strike 0-1: Foul Ball, location: 2F 0-2: Ground out U3 (Groundball, 3S, EV 68.8 MPH)
|
|
Batting: RHB Bill Atley
|
0-0: Called Strike 0-1: Swinging Strike 0-2: Strikes out looking
|
|
Batting: RHB Jeremy Rollins
|
0-0: Called Strike 0-1: Called Strike 0-2: Foul Ball, location: 2F 0-2: Ball 1-2: Strikes out swinging
|
| Bottom of the 1st over - 0 runs, 0 hits, 0 errors, 0 left on base; Stanford University 0 - University of North Carolina at Chapel Hill 0 |
| TOP OF THE 2ND |
|
Stanford University Cardinal batting - Pitching for University of North Carolina at Chapel Hill Tar Heels : LHP Gary Tuckfard
|
|
Batting: LHB Donny Kleinjan
|
0-0: Foul Ball, location: 2F 0-1: Ball 1-1: Foul Ball, location: 2F 1-2: Foul Ball, location: 2F 1-2: Fly out, F8 (Flyball, 8LXD, EV 103.8 MPH)
|
|
Batting: LHB Chien Sam
|
0-0: Ball 1-0: Called Strike 1-1: Called Strike 1-2: Strikes out swinging
|
|
Batting: LHB Bryan Davidson
|
0-0: Called Strike 0-1: Foul Ball, location: 2F 0-2: Strikes out swinging
|
| Top of the 2nd over - 0 runs, 0 hits, 0 errors, 0 left on base; Stanford University 0 - University of North Carolina at Chapel Hill 0 |
| BOTTOM OF THE 2ND |
|
University of North Carolina at Chapel Hill Tar Heels batting - Pitching for Stanford University Cardinal : RHP Ray Fogle
|
|
Batting: SHB Jim Saxon
|
0-0: Ball 1-0: Foul Ball, location: 2F 1-1: Called Strike 1-2: Ball 2-2: Strikes out swinging
|
|
Batting: SHB Jonathan Barrie
|
0-0: Called Strike 0-1: Called Strike 0-2: Foul Ball, location: 2F 0-2: Strikes out swinging
|
|
Batting: RHB Tony Jennings
|
0-0: Ball 1-0: Foul Ball, location: 2F 1-1: Swinging Strike 1-2: Strikes out swinging
|
| Bottom of the 2nd over - 0 runs, 0 hits, 0 errors, 0 left on base; Stanford University 0 - University of North Carolina at Chapel Hill 0 |
| TOP OF THE 3RD |
|
Stanford University Cardinal batting - Pitching for University of North Carolina at Chapel Hill Tar Heels : LHP Gary Tuckfard
|
|
Batting: LHB Caleb Hartwell
|
0-0: Called Strike 0-1: SOLO HOME RUN (Flyball, 9LD, EV 95.6 MPH), Distance : 336 ft
|
|
Batting: RHB Dzevat Koljevic
|
0-0: Ball 1-0: Ground out 5-3 (Groundball, 56, EV 91.9 MPH)
|
|
Batting: LHB Mike Keating
|
0-0: Ball 1-0: Ball 2-0: Called Strike 2-1: Ground out U3 (Groundball, 34, EV 87.5 MPH)
|
|
Batting: RHB John Van der Linden
|
0-0: Called Strike 0-1: Ball 1-1: Called Strike 1-2: Strikes out swinging
|
| Top of the 3rd over - 1 run, 1 hit, 0 errors, 0 left on base; Stanford University 1 - University of North Carolina at Chapel Hill 0 |
| BOTTOM OF THE 3RD |
|
University of North Carolina at Chapel Hill Tar Heels batting - Pitching for Stanford University Cardinal : RHP Ray Fogle
|
|
Batting: RHB Brandon Wilson
|
0-0: Ball 1-0: SINGLE (Line Drive, 8LS, EV 92.5 MPH)
|
|
Batting: RHB Michael Houseman
|
0-0: Hit by Pitch Brandon Wilson to second
|
|
Batting: LHB Juan Alvarado
|
0-0: Grounds into double play, 5-4-3 (Groundball, 56, EV 80.0 MPH) Brandon Wilson to third
|
|
Batting: SHB Ryan Marsh
|
0-0: Foul Ball, location: 2F 0-1: Ball 1-1: Foul Ball, location: 2F 1-2: Ball 2-2: Foul Ball, location: 2F 2-2: Strikes out swinging
|
| Bottom of the 3rd over - 0 runs, 1 hit, 0 errors, 1 left on base; Stanford University 1 - University of North Carolina at Chapel Hill 0 |
| TOP OF THE 4TH |
|
Stanford University Cardinal batting - Pitching for University of North Carolina at Chapel Hill Tar Heels : LHP Gary Tuckfard
|
|
Batting: RHB Joe Gabriel
|
0-0: Bunt for hit to 23 - play at first, batter OUT! 3-4
|
|
Batting: RHB Joe Petley
|
0-0: Swinging Strike 0-1: Ball 1-1: Ball 2-1: Swinging Strike 2-2: Strikes out looking and he ARGUES THE CALL AND IS TOSSED!
|
|
Batting: LHB Donny Kleinjan
|
0-0: Fly out, F7 (Line Drive, 7S, EV 89.4 MPH)
|
| Top of the 4th over - 0 runs, 0 hits, 0 errors, 0 left on base; Stanford University 1 - University of North Carolina at Chapel Hill 0 |
| BOTTOM OF THE 4TH |
|
University of North Carolina at Chapel Hill Tar Heels batting - Pitching for Stanford University Cardinal : RHP Ray Fogle
|
|
Now at 3B: Ted Hickey
|
|
|
Batting: RHB Bill Atley
|
0-0: Called Strike 0-1: Ball 1-1: Swinging Strike 1-2: Strikes out swinging
|
|
Batting: RHB Jeremy Rollins
|
0-0: Ball 1-0: Foul Ball, location: 2F 1-1: Called Strike 1-2: Foul Ball, location: 2F 1-2: Ball 2-2: Ball 3-2: Foul Ball, location: 2F 3-2: Strikes out swinging, 2-3 out at first.
|
|
Batting: SHB Jim Saxon
|
0-0: Ball 1-0: Ball 2-0: Ball 3-0: Called Strike 3-1: Base on Balls
|
|
Batting: SHB Jonathan Barrie
|
0-0: DOUBLE (Line Drive, 7LM, EV 98.1 MPH) Jim Saxon to third
|
|
Batting: RHB Tony Jennings
|
0-0: Fly out, F9 (Flyball, 89M, EV 93.1 MPH)
|
| Bottom of the 4th over - 0 runs, 1 hit, 0 errors, 2 left on base; Stanford University 1 - University of North Carolina at Chapel Hill 0 |
| TOP OF THE 5TH |
|
Stanford University Cardinal batting - Pitching for University of North Carolina at Chapel Hill Tar Heels : LHP Gary Tuckfard
|
|
Batting: LHB Chien Sam
|
0-0: Called Strike 0-1: Ball 1-1: Ground out 4-3 (Groundball, 4, EV 86.9 MPH)
|
|
Batting: LHB Bryan Davidson
|
0-0: Foul Ball, location: 2F 0-1: Foul Ball, location: 2F 0-2: Ball 1-2: Foul Ball, location: 2F 1-2: Ball 2-2: Fly out, F7 (Flyball, 7, EV 88.8 MPH)
|
|
Batting: LHB Caleb Hartwell
|
0-0: Ball 1-0: Fly out, F8 (Flyball, 8LD, EV 99.4 MPH)
|
| Top of the 5th over - 0 runs, 0 hits, 0 errors, 0 left on base; Stanford University 1 - University of North Carolina at Chapel Hill 0 |
| BOTTOM OF THE 5TH |
|
University of North Carolina at Chapel Hill Tar Heels batting - Pitching for Stanford University Cardinal : RHP Ray Fogle
|
|
Now at C: Mike Gard
|
|
|
Now at 1B: Gary Preston
|
|
|
Batting: RHB Brandon Wilson
|
0-0: Ball 1-0: Swinging Strike 1-1: Fly out, F9 (Flyball, 9D, EV 100.6 MPH)
|
|
Batting: RHB Michael Houseman
|
0-0: Hit by Pitch
|
|
Batting: LHB Juan Alvarado
|
0-0: Swinging Strike 0-1: Ball 1-1: Fly out, F7 (Line Drive, 7S, EV 97.5 MPH)
|
|
Batting: SHB Ryan Marsh
|
0-0: Foul Ball, location: 2F 0-1: Foul Ball, location: 2F 0-2: Ball 1-2: Foul Ball, location: 2F 1-2: Ball 2-2: Foul Ball, location: 2F 2-2: Ball 3-2: Ground out 6-3 (Groundball, 6M, EV 102.5 MPH)
|
| Bottom of the 5th over - 0 runs, 0 hits, 0 errors, 1 left on base; Stanford University 1 - University of North Carolina at Chapel Hill 0 |
| TOP OF THE 6TH |
|
Stanford University Cardinal batting - Pitching for University of North Carolina at Chapel Hill Tar Heels : LHP Gary Tuckfard
|
|
Batting: RHB Dzevat Koljevic
|
0-0: Ball 1-0: SINGLE (Line Drive, 7S, EV 100.0 MPH)
|
|
Batting: LHB Mike Keating
|
0-0: Ball 1-0: Fly out, F8 (Flyball, 8RD, EV 97.5 MPH)
|
|
Pinch Hitting: RHB Josh Benefield
|
0-0: Ball 1-0: Grounds into double play, 6-4-3 (Groundball, 6, EV 83.8 MPH)
|
| Top of the 6th over - 0 runs, 1 hit, 0 errors, 0 left on base; Stanford University 1 - University of North Carolina at Chapel Hill 0 |
| BOTTOM OF THE 6TH |
|
University of North Carolina at Chapel Hill Tar Heels batting - Pitching for Stanford University Cardinal : RHP Ray Fogle
|
|
Pitching: LHP Carlton Hookway
|
|
|
Now at 2B: Josh Benefield
|
|
|
Batting: RHB Bill Atley
|
0-0: Ball 1-0: Called Strike 1-1: Ball 2-1: Called Strike 2-2: Strikes out swinging
|
|
Batting: RHB Jeremy Rollins
|
0-0: Ball 1-0: Called Strike 1-1: Foul Ball, location: 2F 1-2: Ball 2-2: Ball 3-2: Strikes out swinging
|
|
Batting: SHB Jim Saxon
|
0-0: Called Strike 0-1: Ball 1-1: Swinging Strike 1-2: Foul Ball, location: 2F 1-2: Ball 2-2: Foul Ball, location: 2F 2-2: Strikes out swinging
|
| Bottom of the 6th over - 0 runs, 0 hits, 0 errors, 0 left on base; Stanford University 1 - University of North Carolina at Chapel Hill 0 |
| TOP OF THE 7TH |
|
Stanford University Cardinal batting - Pitching for University of North Carolina at Chapel Hill Tar Heels : LHP Gary Tuckfard
|
|
Batting: RHB Joe Gabriel
|
0-0: Swinging Strike 0-1: Ball 1-1: Foul Ball, location: 2F 1-2: Foul Ball, location: 2F 1-2: Strikes out swinging
|
|
Batting: RHB Ted Hickey
|
0-0: Called Strike 0-1: Called Strike 0-2: Strikes out looking
|
|
Batting: RHB Gary Preston
|
0-0: Called Strike 0-1: Fly out, F8 (Flyball, 8RD, EV 94.4 MPH)
|
| Top of the 7th over - 0 runs, 0 hits, 0 errors, 0 left on base; Stanford University 1 - University of North Carolina at Chapel Hill 0 |
| BOTTOM OF THE 7TH |
|
University of North Carolina at Chapel Hill Tar Heels batting - Pitching for Stanford University Cardinal : LHP Carlton Hookway
|
|
Pitching: RHP John Hollinger
|
|
|
Batting: SHB Jonathan Barrie
|
0-0: SOLO HOME RUN (Flyball, 78XD, EV 113.8 MPH), Distance : 444 ft
|
|
Batting: RHB Tony Jennings
|
0-0: Called Strike 0-1: Ground out 5-3 (Groundball, 56, EV 111.2 MPH)
|
|
Batting: RHB Brandon Wilson
|
0-0: Ball 1-0: Swinging Strike 1-1: Ball 2-1: Ball 3-1: SOLO HOME RUN (Flyball, 7D, EV 103.8 MPH), Distance : 408 ft
|
|
Batting: RHB Michael Houseman
|
0-0: Called Strike 0-1: Ball 1-1: Swinging Strike 1-2: Ball 2-2: Ball 3-2: Foul Ball, location: 2F 3-2: Base on Balls
|
|
Batting: LHB Juan Alvarado
|
0-0: Ball 1-0: Called Strike 1-1: Called Strike 1-2: Ball 2-2: Ball 3-2: Strikes out looking
|
|
Batting: SHB Ryan Marsh
|
0-0: Ball 1-0: Fly out, F7 (Flyball, 7S, EV 88.8 MPH)
|
| Bottom of the 7th over - 2 runs, 2 hits, 0 errors, 1 left on base; Stanford University 1 - University of North Carolina at Chapel Hill 2 |
| TOP OF THE 8TH |
|
Stanford University Cardinal batting - Pitching for University of North Carolina at Chapel Hill Tar Heels : LHP Gary Tuckfard
|
|
Pitching: RHP Berry Dow
|
|
|
Batting: RHB Mike Gard
|
0-0: Ball 1-0: Ball 2-0: Ball 3-0: Called Strike 3-1: Swinging Strike 3-2: Base on Balls
|
|
Pitching: LHP Andrew Lowe
|
|
|
Batting: LHB Andy Swan
|
0-0: Called Strike 0-1: Ball 1-1: Foul Ball, location: 2F 1-2: Ball 2-2: Strikes out swinging
|
|
Batting: LHB Caleb Hartwell
|
0-0: Fielders Choice at 2nd, 6-4 (Groundball, 6M, EV 95.0 MPH)
|
|
Batting: RHB Dzevat Koljevic
|
0-0: Ball 1-0: Foul Ball, location: 2F 1-1: Ball 2-1: Called Strike 2-2: Foul Ball, location: 2F 2-2: SINGLE (Groundball, 4MD, EV 95.6 MPH) Caleb Hartwell to second
|
|
Batting: LHB Mike Keating
|
0-0: Called Strike 0-1: Ball 1-1: Ball 2-1: Foul Ball, location: 2F 2-2: Strikes out swinging
|
| Top of the 8th over - 0 runs, 1 hit, 0 errors, 2 left on base; Stanford University 1 - University of North Carolina at Chapel Hill 2 |
| BOTTOM OF THE 8TH |
|
University of North Carolina at Chapel Hill Tar Heels batting - Pitching for Stanford University Cardinal : RHP John Hollinger
|
|
Pitching: RHP Eddie Georges
|
|
|
Batting: RHB Bill Atley
|
0-0: Ball 1-0: Foul Ball, location: 2F 1-1: Ball 2-1: Swinging Strike 2-2: Strikes out swinging
|
|
Batting: RHB Jeremy Rollins
|
0-0: Ball 1-0: Called Strike 1-1: Swinging Strike 1-2: Strikes out swinging
|
|
Batting: SHB Jim Saxon
|
0-0: Called Strike 0-1: Swinging Strike 0-2: Strikes out swinging
|
| Bottom of the 8th over - 0 runs, 0 hits, 0 errors, 0 left on base; Stanford University 1 - University of North Carolina at Chapel Hill 2 |
| TOP OF THE 9TH |
|
Stanford University Cardinal batting - Pitching for University of North Carolina at Chapel Hill Tar Heels : LHP Andrew Lowe
|
|
Pitching: RHP Vince Sumpter
|
|
|
Batting: RHB Josh Benefield
|
0-0: Ball 1-0: Ball 2-0: Ball 3-0: Base on Balls
|
|
Batting: RHB Joe Gabriel
|
0-0: Sac Bunt to 2L - play at first, batter OUT! 2-3 Josh Benefield to second
|
|
Batting: RHB Ted Hickey
|
0-0: Foul Ball, location: 2F 0-1: Ball 1-1: Ball 2-1: Ball 3-1: Hit by Pitch
|
|
Batting: RHB Gary Preston
|
0-0: Foul Ball, location: 2F 0-1: Ball 1-1: Foul Ball, location: 2F 1-2: Ball Wild Pitch! Josh Benefield to third Ted Hickey to second 2-2: Ball 3-2: Foul Ball, location: 2F 3-2: Foul Ball, location: 2F 3-2: Foul Ball, location: 2F 3-2: DOUBLE (Line Drive, 9LM, EV 93.1 MPH) Josh Benefield scores Ted Hickey scores
|
|
Batting: RHB Mike Gard
|
0-0: Called Strike 0-1: Ball 1-1: Swinging Strike 1-2: Ball 2-2: Fly out, F7 (Flyball, 7S, EV 91.2 MPH)
|
|
Pitching: RHP Alex Aldaya
|
|
|
Batting: LHB Andy Swan
|
0-0: Ball 1-0: Foul Ball, location: 2F 1-1: Foul Ball, location: 2F 1-2: Ball 2-2: Ground out 4-3 (Groundball, 4, EV 80.6 MPH)
|
| Top of the 9th over - 2 runs, 1 hit, 0 errors, 1 left on base; Stanford University 3 - University of North Carolina at Chapel Hill 2 |
| BOTTOM OF THE 9TH |
|
University of North Carolina at Chapel Hill Tar Heels batting - Pitching for Stanford University Cardinal : RHP Eddie Georges
|
|
Pitching: RHP Steven Townsend
|
|
|
Batting: SHB Jonathan Barrie
|
0-0: Called Strike 0-1: Called Strike 0-2: Ball 1-2: Ball 2-2: Ball 3-2: Strikes out looking
|
|
Batting: RHB Tony Jennings
|
0-0: Foul Ball, location: 2F 0-1: Foul Ball, location: 2F 0-2: Ball 1-2: Strikes out swinging, 2-3 out at first.
|
|
Batting: RHB Brandon Wilson
|
0-0: Ball 1-0: Ball 2-0: Called Strike 2-1: Ball 3-1: Base on Balls
|
|
Batting: RHB Michael Houseman
|
0-0: Swinging Strike 0-1: Swinging Strike 0-2: Strikes out swinging
|
| Bottom of the 9th over - 0 runs, 0 hits, 0 errors, 1 left on base; Stanford University 3 - University of North Carolina at Chapel Hill 2 |
|